AoeStats
← Daarth Vader

Fortress

510390409Analyzed
1v1 RM · 1d ago on Sep 30, 2026· 23m 11s· 2 players
Game mode
Random Map
Map size
Small (3 player)
Population
200
Speed
Normal
Resources
Standard
Victory
Conquest
Starting age
Dark Age
Ending age
Imperial Age
RankedLock teamsTeams togetherTeam positionsShared explorationLock speedFull tech treeHidden civsTurbo modeCheats
Victory
Defeat
🇷🇺 Khmer · Russia
1203
+18
🇺🇸 Danes · United States
1244
-18
arkosta
7:33 Feudal Age
10:23 Castle Age
8:23 Horse Collar
8:53 Double-Bit Axe
12:04 Scale Barding Armor
16:46 Loom
17:30 Fletching
Daarth Vader
6:20 Feudal Age
6:32 Loom
10:09 Castle Age
8:40 Scale Mail Armor
9:38 Loom
10:55 Squires
23:00 Redemption
Connection lost

Rejoining the realm…

Still unreachable

The connection could not be restored.

Session expired

The server has moved on; the page needs a fresh start.